MWL (24 & UNDER)
LEE'S SUMMIT TIGERS @ GRIM REAPERS
09/23/2030
 
TOP OF THE 1ST
Lee's Summit Tigers batting - Pitching for Grim Reapers : RHP Elijah Justice
Pitching: RHP Elijah Justice
Batting: RHB José Deleón 0-0: Ball
1-0: Ball
2-0: Called Strike
2-1: Foul Ball, location: 2F
2-2: Ball
3-2: Foul Ball, location: 2F
3-2: Strikes out swinging
Batting: LHB Claudio Jiménez 0-0: Foul Ball, location: 2F
0-1: Foul Ball, location: 2F
0-2: Ball
1-2: Foul Ball, location: 2F
1-2: Ball
2-2: Strikes out swinging
Batting: LHB Brian Lawson 0-0: Swinging Strike
0-1: Ball
1-1: Ball
2-1: Swinging Strike
2-2: Foul Ball, location: 2F
2-2: Foul Ball, location: 2F
2-2: Foul Ball, location: 2F
2-2: SINGLE (Flyball, 78S)
Batting: RHB Tommy Smith 0-0: Ball
1-0: Fly out, F7 (Flyball, 7S)
Top of the 1st over - 0 runs, 1 hit, 0 errors, 1 left on base; Lee's Summit 0 - Grim 0
BOTTOM OF THE 1ST
Grim Reapers batting - Pitching for Lee's Summit Tigers : RHP José Medellín
Pitching: RHP José Medellín
Batting: LHB Todd Emery 0-0: Ball
1-0: Ground out 5-3 (Groundball, 56)
Batting: RHB Phil Martin 0-0: Called Strike
0-1: Ball
1-1: Ground out 4-3 (Groundball, 4)
Batting: LHB Benny Lawson 0-0: Ball
1-0: Called Strike
1-1: Foul Ball, location: 2F
1-2: Ball
2-2: Foul Ball, location: 2F
2-2: Ball
3-2: Fly out, F7 (Flyball, 78D)
Bottom of the 1st over - 0 runs, 0 hits, 0 errors, 0 left on base; Lee's Summit 0 - Grim 0
TOP OF THE 2ND
Lee's Summit Tigers batting - Pitching for Grim Reapers : RHP Elijah Justice
Batting: LHB Víctor Piña 0-0: Ball
1-0: Ball
2-0: Foul Ball, location: 2F
2-1: Called Strike
2-2: SINGLE (Line Drive, 34D)
Batting: RHB Juan Rodríguez 0-0: Called Strike
0-1: Ball
1-1: Ball
2-1: Ball
3-1: Called Strike
3-2: Foul Ball, location: 2F
3-2: Base on Balls
Víctor Piña to second
Batting: LHB António Bonaccorsi 0-0: Foul Ball, location: 2F
0-1: Ball
1-1: Ball
2-1: Ball
3-1: Base on Balls
Víctor Piña to third
Juan Rodríguez to second
Batting: RHB Josh Martin 0-0: Foul Ball, location: 2F
0-1: Foul Ball, location: 2F
0-2: Ball
1-2: Strikes out swinging
Batting: SHB Enrique Bartoccini 0-0: SINGLE (Line Drive, 9S)
Víctor Piña scores
Juan Rodríguez to third
António Bonaccorsi to second
Batting: RHB José Deleón 0-0: SINGLE (Flyball, 78S)
Juan Rodríguez scores
António Bonaccorsi to third
Enrique Bartoccini to second
Runner from 3rd tries for Home, SAFE, no throw
Batting: LHB Claudio Jiménez 0-0: Foul Ball, location: 2F
0-1: Ball
1-1: Fly out, F7 (Flyball, 7LM)
Batting: LHB Brian Lawson 0-0: Called Strike
0-1: Foul Ball, location: 2F
0-2: Foul Ball, location: 2F
0-2: Fly out, F8 (Flyball, 78M)
Top of the 2nd over - 3 runs, 3 hits, 0 errors, 2 left on base; Lee's Summit 3 - Grim 0
BOTTOM OF THE 2ND
Grim Reapers batting - Pitching for Lee's Summit Tigers : RHP José Medellín
Batting: RHB Ramón Sánchez 0-0: Called Strike
0-1: Fly out, F4 (Popup, 4S)
Batting: SHB Luis Sotelo 0-0: Fly out, F4 (Popup, 4D)
Batting: RHB Fred Wagner 0-0: Ball
1-0: Foul Ball, location: 2F
1-1: Foul Ball, location: 2F
1-2: Strikes out swinging
Bottom of the 2nd over - 0 runs, 0 hits, 0 errors, 0 left on base; Lee's Summit 3 - Grim 0
TOP OF THE 3RD
Lee's Summit Tigers batting - Pitching for Grim Reapers : RHP Elijah Justice
Batting: RHB Tommy Smith 0-0: Foul Ball, location: 2F
0-1: Foul Ball, location: 2F
0-2: Ball
1-2: Ball
2-2: Foul Ball, location: 2F
2-2: Ball
3-2: Foul Ball, location: 2F
3-2: Single, Error in OF, E7, batter to second base
Batting: LHB Víctor Piña 0-0: Ball
1-0: Ball
2-0: Called Strike
2-1: Fly out, F6 (Popup, 6)
Batting: RHB Juan Rodríguez 0-0: Called Strike
0-1: Ball
1-1: SINGLE (Flyball, 7LS)
Tommy Smith to third
Runner from 3rd tries for Home, SAFE, throw made home
Juan Rodríguez to second
Batting: LHB António Bonaccorsi 0-0: Called Strike
0-1: Ball
1-1: Swinging Strike
1-2: Ball
2-2: Strikes out looking
Batting: RHB Josh Martin 0-0: Called Strike
0-1: SINGLE (Flyball, 8RS)
Juan Rodríguez to third
Runner from 3rd tries for Home, SAFE, throw made home
Batting: SHB Enrique Bartoccini 0-0: Ball
Josh Martin steals 2nd base
1-0: Ball
2-0: Swinging Strike
2-1: DOUBLE (Flyball, 89D)
Josh Martin scores
Batting: RHB José Deleón 0-0: Ball
1-0: Called Strike
1-1: Ball
2-1: SINGLE (Flyball, 9LS)
Enrique Bartoccini to third
Runner from 3rd tries for Home, SAFE, no throw
Batting: LHB Claudio Jiménez 0-0: Ball
1-0: Called Strike
1-1: Fielders Choice at 2nd, 6-4 (Groundball, 6)
Top of the 3rd over - 4 runs, 5 hits, 1 error, 1 left on base; Lee's Summit 7 - Grim 0
BOTTOM OF THE 3RD
Grim Reapers batting - Pitching for Lee's Summit Tigers : RHP José Medellín
Batting: RHB Arturo Franco 0-0: Called Strike
0-1: Ground out 6-3 (Groundball, 6M)
Batting: RHB Luis Samaripa 0-0: Called Strike
0-1: Ball
1-1: Called Strike
1-2: Ball
2-2: Strikes out swinging
Batting: RHB Mario Barker 0-0: Called Strike
0-1: Ball
1-1: Foul Ball, location: 2F
1-2: Ground out U3 (Groundball, 34S)
Bottom of the 3rd over - 0 runs, 0 hits, 0 errors, 0 left on base; Lee's Summit 7 - Grim 0
TOP OF THE 4TH
Lee's Summit Tigers batting - Pitching for Grim Reapers : RHP Elijah Justice
Batting: LHB Brian Lawson 0-0: Fly out, F7 (Line Drive, 7S)
Batting: RHB Tommy Smith 0-0: Foul Ball, location: 2F
0-1: Foul Ball, location: 2F
0-2: Strikes out looking
Batting: LHB Víctor Piña 0-0: Ball
1-0: Swinging Strike
1-1: Ball
2-1: Called Strike
2-2: Strikes out swinging
Top of the 4th over - 0 runs, 0 hits, 0 errors, 0 left on base; Lee's Summit 7 - Grim 0
BOTTOM OF THE 4TH
Grim Reapers batting - Pitching for Lee's Summit Tigers : RHP José Medellín
Batting: LHB Todd Emery 0-0: Called Strike
0-1: DOUBLE (Line Drive, 7LM)
Batting: RHB Phil Martin 0-0: Ball
1-0: Fly out, F6 (Line Drive, 6)
Batting: LHB Benny Lawson 0-0: Ball
1-0: Ball
2-0: Called Strike
2-1: Called Strike
2-2: Foul Ball, location: 2F
2-2: Fly out, F6 (Popup, 6M)
Batting: RHB Ramón Sánchez 0-0: Ball
1-0: Ball
2-0: SINGLE (Flyball, 7S)
Todd Emery to third
Runner from 3rd tries for Home, SAFE, no throw
Batting: SHB Luis Sotelo 0-0: Called Strike
0-1: SINGLE (Groundball, 34D)
Ramón Sánchez to second
Runner from 2nd tries for 3rd, SAFE, no throw
Batting: RHB Fred Wagner 0-0: Called Strike
0-1: Fly out, F8 (Flyball, 8RXD)
Bottom of the 4th over - 1 run, 3 hits, 0 errors, 2 left on base; Lee's Summit 7 - Grim 1
TOP OF THE 5TH
Lee's Summit Tigers batting - Pitching for Grim Reapers : RHP Elijah Justice
Pitching: RHP Bob Thompson
Batting: RHB Juan Rodríguez 0-0: Ball
1-0: Ball
2-0: DOUBLE (Line Drive, 78D)
Batting: LHB António Bonaccorsi 0-0: Called Strike
0-1: Ball
1-1: Foul Ball, location: 2F
1-2: Ball
Wild Pitch!
Juan Rodríguez to third
2-2: Strikes out swinging
Batting: RHB Josh Martin 0-0: Ball
1-0: Foul Ball, location: 2F
1-1: Foul Ball, location: 2F
1-2: Ball
2-2: Foul Ball, location: 2F
2-2: Ball
3-2: SINGLE (Line Drive, 9LM)
Juan Rodríguez scores
Batting: SHB Enrique Bartoccini 0-0: Ball
Josh Martin steals 2nd base
1-0: Called Strike
1-1: Fly out, F7 (Flyball, 7)
Batting: RHB José Deleón 0-0: Foul Ball, location: 2F
0-1: Foul Ball, location: 2F
0-2: Ball
Balk!
Josh Martin to third
1-2: Foul Ball, location: 2F
1-2: Ball
2-2: Reached on error, E5 (Groundball, 56)
Josh Martin scores
Batting: LHB Claudio Jiménez 0-0: Ball
1-0: Foul Ball, location: 2F
1-1: Ball
2-1: Called Strike
2-2: Strikes out swinging
Top of the 5th over - 2 runs, 2 hits, 1 error, 1 left on base; Lee's Summit 9 - Grim 1
BOTTOM OF THE 5TH
Grim Reapers batting - Pitching for Lee's Summit Tigers : RHP José Medellín
Batting: RHB Arturo Franco 0-0: Ball
1-0: Ball
2-0: Called Strike
2-1: Foul Ball, location: 2F
2-2: Ball
3-2: Base on Balls
Batting: RHB Luis Samaripa 0-0: Ball
1-0: Ball
2-0: Ball
3-0: Called Strike
3-1: Base on Balls
Arturo Franco to second
Batting: RHB Mario Barker 0-0: Called Strike
0-1: Fly out, F9 (Flyball, 89S)
Batting: LHB Todd Emery 0-0: Called Strike
Arturo Franco steals 3rd base
0-1: Ball
1-1: Ball
2-1: Ball
3-1: Foul Ball, location: 2F
3-2: Grounds into double play, 4-6-3 (Groundball, 4M)
Bottom of the 5th over - 0 runs, 0 hits, 0 errors, 1 left on base; Lee's Summit 9 - Grim 1
TOP OF THE 6TH
Lee's Summit Tigers batting - Pitching for Grim Reapers : RHP Bob Thompson
Batting: LHB Brian Lawson 0-0: Ball
1-0: Ball
2-0: Foul Ball, location: 2F
2-1: Swinging Strike
2-2: Ball
3-2: Strikes out looking
Batting: RHB Tommy Smith 0-0: Foul Ball, location: 2F
0-1: Ball
1-1: Swinging Strike
1-2: Strikes out swinging
Batting: LHB Víctor Piña 0-0: Ball
1-0: Ball
2-0: Called Strike
2-1: Foul Ball, location: 2F
2-2: Strikes out swinging
Top of the 6th over - 0 runs, 0 hits, 0 errors, 0 left on base; Lee's Summit 9 - Grim 1
BOTTOM OF THE 6TH
Grim Reapers batting - Pitching for Lee's Summit Tigers : RHP José Medellín
Batting: RHB Phil Martin 0-0: SINGLE (Groundball, 6) (infield hit)
Batting: LHB Benny Lawson 0-0: Ball
1-0: Called Strike
1-1: Swinging Strike
1-2: Foul Ball, location: 2F
1-2: Ball
2-2: Fly out, F6 (Line Drive, 56)
Batting: RHB Ramón Sánchez 0-0: Ball
1-0: Foul Ball, location: 2F
1-1: Ball
2-1: Called Strike
2-2: Ball
3-2: Ground out 5-3 (Groundball, 5S)
Phil Martin to second
Batting: SHB Luis Sotelo 0-0: SINGLE (Groundball, 34D)
Phil Martin to third
Runner from 3rd tries for Home, SAFE, no throw
Batting: RHB Fred Wagner 0-0: Ball
1-0: Ball
2-0: Called Strike
2-1: Called Strike
2-2: Strikes out swinging
Bottom of the 6th over - 1 run, 2 hits, 0 errors, 1 left on base; Lee's Summit 9 - Grim 2
TOP OF THE 7TH
Lee's Summit Tigers batting - Pitching for Grim Reapers : RHP Bob Thompson
Batting: RHB Juan Rodríguez 0-0: Ball
1-0: Called Strike
1-1: SINGLE (Flyball, 7S)
Batting: LHB António Bonaccorsi 0-0: Ball
1-0: Foul Ball, location: 2F
1-1: Ball
2-1: Ball
3-1: Base on Balls
Juan Rodríguez to second
Batting: RHB Josh Martin 0-0: Foul Ball, location: 2F
0-1: Called Strike
0-2: Ball
1-2: Foul Ball, location: 2F
1-2: SINGLE (Groundball, 4MD)
Juan Rodríguez to third
António Bonaccorsi to second
Batting: SHB Enrique Bartoccini 0-0: Foul Ball, location: 2F
0-1: Swinging Strike
0-2: Ball
1-2: Fly out, F7 (Flyball, 78M)
Runner from 3rd tags up, SCORES, throw made
Batting: RHB José Deleón 0-0: Ball
1-0: Ball
2-0: Ball
3-0: Called Strike
3-1: Grounds into double play, 6-4-3 (Groundball, 6)
Top of the 7th over - 1 run, 2 hits, 0 errors, 1 left on base; Lee's Summit 10 - Grim 2
BOTTOM OF THE 7TH
Grim Reapers batting - Pitching for Lee's Summit Tigers : RHP José Medellín
Batting: RHB Arturo Franco 0-0: Foul Ball, location: 2F
0-1: Ball
1-1: Fly out, F7 (Flyball, 7)
Batting: RHB Luis Samaripa 0-0: Ball
1-0: Called Strike
1-1: Ball
2-1: Foul Ball, location: 2F
2-2: Ground out 6-3 (Groundball, 6S)
Batting: RHB Mario Barker 0-0: Called Strike
0-1: Ball
1-1: Ball
2-1: SOLO HOME RUN (Flyball, 7D), Distance : 421 ft
Batting: LHB Todd Emery 0-0: Called Strike
0-1: Ball
1-1: Fly out, F8 (Flyball, 8LM)
Bottom of the 7th over - 1 run, 1 hit, 0 errors, 0 left on base; Lee's Summit 10 - Grim 3
TOP OF THE 8TH
Lee's Summit Tigers batting - Pitching for Grim Reapers : RHP Bob Thompson
Batting: LHB Claudio Jiménez 0-0: Fly out, F8 (Flyball, 8LS)
Batting: LHB Brian Lawson 0-0: Ball
1-0: Reached via error on a dropped throw, E3
Batting: RHB Tommy Smith 0-0: Ball
1-0: Ball
2-0: Foul Ball, location: 2F
2-1: Foul Ball, location: 2F
2-2: Strikes out looking
Batting: LHB Víctor Piña 0-0: Ball
1-0: Swinging Strike
1-1: Ball
2-1: Fly out, F9 (Flyball, 89D)
Top of the 8th over - 0 runs, 0 hits, 1 error, 1 left on base; Lee's Summit 10 - Grim 3
BOTTOM OF THE 8TH
Grim Reapers batting - Pitching for Lee's Summit Tigers : RHP José Medellín
Pitching: RHP Bob Boone
Batting: RHB Phil Martin 0-0: Ball
1-0: Fly out, F8 (Flyball, 8LD)
Batting: LHB Benny Lawson 0-0: Ball
1-0: Fly out, F6 (Line Drive, 6)
Batting: RHB Ramón Sánchez 0-0: Called Strike
0-1: Swinging Strike
0-2: Ball
1-2: Strikes out swinging
Bottom of the 8th over - 0 runs, 0 hits, 0 errors, 0 left on base; Lee's Summit 10 - Grim 3
TOP OF THE 9TH
Lee's Summit Tigers batting - Pitching for Grim Reapers : RHP Bob Thompson
Batting: RHB Juan Rodríguez 0-0: Called Strike
0-1: Called Strike
0-2: Ball
1-2: Strikes out swinging
Batting: LHB António Bonaccorsi 0-0: Called Strike
0-1: Foul Ball, location: 2F
0-2: Ball
1-2: Foul Ball, location: 2F
1-2: Strikes out swinging
Batting: RHB Josh Martin 0-0: Ball
1-0: Fly out, F9 (Flyball, 9)
Top of the 9th over - 0 runs, 0 hits, 0 errors, 0 left on base; Lee's Summit 10 - Grim 3
BOTTOM OF THE 9TH
Grim Reapers batting - Pitching for Lee's Summit Tigers : RHP Bob Boone
Now at C: Gerardo Romero
Now at 2B: Stephen Segura
Batting: SHB Luis Sotelo 0-0: Ball
1-0: Ball
2-0: Ball
3-0: Base on Balls
Batting: RHB Fred Wagner
Pinch Hitting: LHB Jesús Rojas 0-0: Ball
1-0: Ball
2-0: Fly out, F8 (Flyball, 78D)
Batting: RHB Arturo Franco 0-0: Called Strike
0-1: Ball
1-1: Foul Ball, location: 2F
1-2: DOUBLE (Line Drive, 89D)
Luis Sotelo to third
Batting: RHB Luis Samaripa 0-0: Called Strike
0-1: Swinging Strike
0-2: Ball
1-2: Strikes out swinging
Batting: RHB Mario Barker 0-0: Ball
1-0: Called Strike
1-1: Foul Ball, location: 2F
1-2: Ball
2-2: Strikes out swinging
Bottom of the 9th over - 0 runs, 1 hit, 0 errors, 2 left on base; Lee's Summit 10 - Grim 3
Saturday, April 7th, 2018 - OOTP Baseball 18.8 Build 76